 Dungeon Crawl Stone Soup version 0.17-a0-18-gc25b939 (webtiles) character file.

65 Sixotanaka the Insei (level 3, -5/28 HPs)
             Began as a Draconian Transmuter on Mar 5, 2015.
             Slain by a gnoll
             ... wielding a +0 halberd
              (9 damage)
             ... on level 1 of the Dungeon.
             The game lasted 00:04:47 (1807 turns).

Sixotanaka the Insei (Draconian Transmuter)         Turns: 1807, Time: 00:04:47

Health: -5/28      AC:  5    Str: 12    XL:     3   Next: 92%
Magic:  5/6        EV: 12    Int: 13    God:
Gold:   26         SH:  0    Dex: 12    Spells: 1 memorised, 5 levels left

rFire  . . .     SeeInvis .       - Unarmed
rCold  . . .     Clarity  .     (armour unavailable)
rNeg   . . .     SustAb   .     (no shield)
rPois  .         Gourm    .     (helmet restricted)
rElec  .         Spirit   .     (no cloak)
rCorr  .         Warding  .     (no gloves)
rMut   .         Stasis   .     (boots unavailable)
MR     .....                    (no amulet)
Stlth  +.........               (no ring)
                                (no ring)

@: appendage, not resistant to hostile enchantments, very unstealthy
A: unfitting armour, talons 3, cold-blooded, AC +5
a: End Transformation


You were on level 1 of the Dungeon.
You were not hungry.
You had grown temporary talons.
You visited 1 branch of the dungeon, and saw 2 of its levels.

You collected 26 gold pieces.


Innate Abilities, Weirdness & Mutations

Your plain brown scales are hard (AC +5).
Your body does not fit into most forms of armour.
Your cold-blooded metabolism reacts poorly to cold.
You have claws for feet.


   Skills:
 - Level 1.1 Fighting
 - Level 1.7 Dodging
 + Level 4.8 Unarmed Combat
 - Level 2.0 Spellcasting
 - Level 2.0 Transmutations


You had 5 spell levels left.
You knew the following spells:

 Your Spells              Type           Power        Failure   Level  Hunger
z - Beastly Appendage     Trmt           #.....       12%         1    ##.....


Dungeon Overview and Level Annotations

Branches:
Dungeon (2/15)

Altars:

Inventory:

Missiles
 b - 12 arrows
 g - 26 stones (quivered)
 j - 12 poisoned needles
Potions
 c - a potion of ambrosia {unknown}
 f - a potion of curing {unknown}
Books
 d - a book of Changes
Comestibles
 a - a bread ration
 h - 4 chunks of flesh

#.##.....)......[##........#<..#.
#.##.###########.##.##.###.###+#'
#.#.#.## #.##.##.# ### #..#
...###.##### #.##.##.# ###' ...#
##..g.# #.##....# #.
...###.###.## #.#####.# ##
###.#.###...####.## #.#
####..........gg..# #.#
......###g..####@.# #.#
.###.####...####..# ##.## .#
#......#.)>)...###...## .#
######...#####.##.....### รท#
##.## #..........# .# #.#
#.##.....#.## .# #.#
##.##........##### .# #.#
##...#............# .# ##.#
##.###.#...#...##.#.


You could see 2 gnolls.


Message History

You barely miss the giant cockroach.
The giant cockroach bites you but does no damage.
You hit the giant cockroach.
You kill the giant cockroach!
You see here a giant cockroach corpse.
You butcher the giant cockroach corpse.
h - a chunk of flesh
There is a stone staircase leading up here.
You now have 26 gold pieces (gained 12).
An adder is nearby!
An adder is nearby!
You grow a pair of large bovine horns.
Your transformation is almost over.
You miscast Beastly Appendage.
You are very lightly contaminated with residual magic.
Nothing appears to happen.
You closely miss the adder.
Your tail-slap misses the adder.
The adder barely misses you.
You barely miss the adder. The adder bites you.
You closely miss the adder.
The gnoll shouts!
You headbutt the adder. The adder bites you but does no damage.
You punch the adder!
You kill the adder!
Found an escape hatch in the ceiling.
The gnoll shouts!
You barely miss the gnoll.
The goblin shouts!
You headbutt the gnoll. The gnoll hits you with a whip.
You hit the gnoll but do no damage.
Your horns disappear.
The gnoll barely misses you.
A hobgoblin comes into view. It is wielding a club.
The hobgoblin shouts!
The gnoll shouts!
You hit the gnoll. The gnoll misses you.
You hit the gnoll. You closely miss the gnoll.
You tail-slap the gnoll, but do no damage.
The gnoll hits you but does no damage. The gnoll barely misses you.
There is a stone staircase leading up here.
The gnoll completely misses you. The gnoll barely misses you.
Your magical contamination has completely faded away.
You climb upwards.
There is a stone staircase leading down, spattered with blood here.
You hit the gnoll. The gnoll hits you with a whip!
* * * LOW HITPOINT WARNING * * *
You barely miss the gnoll. You tail-slap the gnoll.
You kill the gnoll!
Things that are here:
a whip; a gnoll corpse You butcher the gnoll corpse.
h - 4 chunks of flesh (gained 3)
You see here a whip.
You start resting.
There is a stone staircase leading down, spattered with blood here.
You see here a whip.
You start resting.
You start resting.
Your feet morph into talons.
The gnoll shouts!
You hear a shout!
The gnoll barely misses you.
The gnoll shouts!
You hit the gnoll. Your kick misses the gnoll.
You tail-slap the gnoll, but do no damage.
The gnoll hits you with a halberd!
* * * LOW HITPOINT WARNING * * *
You hit the gnoll. Your kick misses the gnoll. You tail-slap the gnoll.
The gnoll hits you with a halberd!
You die...

Action                   || total
-------------------------++-------
Melee: Unarmed           ||    98
 Cast: Beastly Appendage ||    11
  Use: Scroll            ||     2
 Stab: Sleeping          ||     1
  Eat: Bread ration      ||     1
       Chunk             ||     1

Vault maps used:
D:1:      erik_arrival_triangle_small
D:2:      uniq_sigmund, uniq_iyjb, uniq_crazy_yiuf_cottage

Notes
Turn   | Place    | Note
--------------------------------------------------------------
     0 | D:1      | Sixotanaka, the Draconian Transmuter, began the quest for the Orb.
     0 | D:1      | Reached XP level 1. HP: 16/16 MP: 3/3
   268 | D:1      | Reached XP level 2. HP: 20/23 MP: 4/4
   705 | D:1      | Reached skill level 4 in Unarmed Combat
   923 | D:2      | Reached XP level 3. HP: 24/28 MP: 4/6
   937 | D:2      | HP: 1/28 [gnoll/halberd of venom (17)]
  1806 | D:1      | HP: 4/28 [gnoll/halberd (12)]
  1807 | D:1      | Slain by a gnoll

Vanquished Creatures
  2 gnolls (D:1)
  2 adders (D:2)
  A giant gecko (D:1)
  7 goblins (D:1)
  2 hobgoblins (D:1)
  5 kobolds (D:1)
  4 bats (D:1)
  2 giant cockroaches (D:2)
  2 giant newts (D:1)
  A rat (D:1)
28 creatures vanquished.
